 Dungeon Crawl Stone Soup version 0.28-a0-938-gbc3f381ebc (webtiles) character file.

Game seed: 12198791705486021218

133 TrogsFancyHat the Sneak (level 5, -5/28 HPs)
             Began as a Vine Stalker Delver on Oct 8, 2021.
             Was a Follower of Uskayaw.
             Engulfed by a cloud of flame (12 damage)
             ... on level 2 of the Dungeon on Nov 29, 2021.
             The game lasted 00:06:52 (2092 turns).

TrogsFancyHat the Sneak (Vine Stalker Delver)       Turns: 2092, Time: 00:06:53

Health: -5/28      AC:  5    Str: 16    XL:     5   Next: 16%
Magic:  0/6        EV: 11    Int: 10    God:    Uskayaw [*.....]
Gold:   76         SH:  0    Dex: 15    Spells: 4/4 levels left

rFire   . . .      SeeInvis .     - Unarmed
rCold   . . .      Faith    .   (no shield)
rNeg    . . .      Spirit   +   d - +0 ring mail
rPois   +          Reflect  .   (no helmet)
rElec   .          Harm     .   (no cloak)
rCorr   .          Rampage  .   (no gloves)
Will    +....                   (no boots)
Stlth   +++.......              (no amulet)
HPRegen 0.89/turn               i - ring of willpower
MPRegen 0.10/turn               k - ring of poison resistance

@: no status effects
A: fangs 2, regeneration 1, magic shield, antimagic bite, no potion heal 2
a: Renounce Religion, Stomp


You were on level 2 of the Dungeon.
You worshipped Uskayaw.
Uskayaw was noncommittal.
You visited 2 branches of the dungeon, and saw 6 of its levels.

You collected 76 gold pieces.

Inventory:

Armour
 d - a +0 ring mail (worn)
Jewellery
 i - a ring of willpower (left hand)
 k - a ring of poison resistance (right hand)
 m - a ring of fire
Wands
 f - a wand of digging (2)
Scrolls
 b - 2 scrolls of fog
 c - a scroll of magic mapping
 g - a scroll of enchant weapon {unknown}
 h - a scroll of torment {unknown}
 j - a scroll of silence {unknown}
 l - 4 scrolls of identify {unknown}
 n - 3 scrolls of teleportation {unknown}
Potions
 a - 2 potions of curing {unknown}
 e - a potion of haste


   Skills:
 + Level 3.2 Fighting
 - Level 0.7 Armour
 + Level 2.0 Dodging
 + Level 7.5 Stealth
 + Level 2.6 Unarmed Combat


You had 4 spell levels left.
You didn't know any spells.
Your spell library contained the following spells:

 Spells                   Type           Power      Damage    Failure   Level
 Blink                    Tloc           0%         N/A       73%         2
 Manifold Assault         Tloc           0%         N/A       100%        5
 Storm Form               Tmut/Air       0%         N/A       100%        7


Dungeon Overview and Level Annotations

Branches:
Dungeon (5/15)             Temple (1/1) D:4

Altars:
Ashenzari
Cheibriados
Dithmenos
Elyvilon
Fedhas
Hepliaklqana
Nemelex Xobeh
Okawaru
Qazlal
Ru
Sif Muna
Trog
Uskayaw
Vehumet
Wu Jian
Yredelemnul
The Shining One


Innate Abilities, Weirdness & Mutations

You have extremely sharp teeth.
Your natural rate of healing is unusually fast.
When hurt, damage is shared between your health and your magic reserves.
Your bite disrupts and absorbs the magic of your enemies.
Potions cannot restore your health.


Message History

No target in view!
No target in view!
No target in view!
No target in view!
No target in view!
No target in view!
No target in view!
No target in view!
n - 3 scrolls labelled ROLAGR UMYENK 3 kobolds come into view.
Found two rat skeletons.
The kobold shouts!
You hear a shout!
The kobold moves out of view. x2
A kobold comes into view. It is wielding a +0 dagger.
A kobold comes into view. It is wielding a +0 dagger.
Found a frilled lizard skeleton.
The kobold shouts! x4
Found a frilled lizard skeleton.
Unknown command.
The kobold hits you with a +0 whip.
The kobold hits you but does no damage. x2
A nearby plant withers and dies.
The kobold hits you but does no damage. x2
The rat bites something but does no damage.
A rat comes into view.
A nearby plant withers and dies.
The kobold hits you but does no damage.
The rat bites something but does no damage.
You see here a rat skeleton.
The kobold hits you but does no damage.
Really stalk into that cloud of flame?
Really stalk into a travel-excluded area?
You are engulfed in blazing flames.
A nearby plant withers and dies.
The rat bites the bush but does no damage.
The kobold closely misses you.
You are engulfed in blazing flames.
* * * LOW HITPOINT WARNING * * *
The kobold hits you but does no damage.
The rat bites the bush but does no damage.
The kobold hits you but does no damage. The kobold barely misses you.
You are engulfed in blazing flames.
You die...

### ..# ..# ..#
♣#♣♣#♣♣# ..#
#♣PP..≈P# # ..#
#PP..÷.÷#P##P♣ ..#
###P..KKK..#r..P ..#
#....÷K@K..#...P ..#
######.#P......÷#.rPP
..#
#......#PP.....Pr.PP♣
..#
#....†.#PP#...P#P##♣♣
.## #......#P♣♣PP♣♣♣
# .####......## ####
............#
.###....>...#
............#


You could see 5 kobolds and 3 rats.

Vanquished Creatures
  A water moccasin skeleton (D:4)
  A bullfrog skeleton (D:4)
  A hound skeleton (D:4)
  An adder (D:3)
  A dart slug (D:1)
  2 bats
  3 endoplasms
  6 giant cockroaches
  2 goblins (D:1)
  3 hobgoblins (D:1)
  A quokka (D:4)
  3 ball pythons
  3 frilled lizards (D:1)
  4 kobolds
  4 rats
36 creatures vanquished.

Vanquished Creatures (others)
  3 plants (D:2)
3 creatures vanquished.

Grand Total: 39 creatures vanquished

Notes
Turn   | Place    | Note
-------+----------+-------------------------------------------
     0 | D:5      | TrogsFancyHat the Vine Stalker Delver began the quest for
                  | the Orb.
     0 | D:5      | Reached XP level 1. HP: 11/11 MP: 2/2
    14 | D:5      | Noticed a gnoll sergeant
    27 | D:5      | Noticed an iguana
    42 | D:5      | Noticed an iguana
    84 | D:4      | Found a broken altar of Ashenzari.
   247 | D:4      | Reached skill level 7 in Stealth
   247 | D:4      | Reached XP level 2. HP: 2/16 MP: 3/3
   247 | D:4      | Reached XP level 3. HP: 2/20 MP: 4/4
   552 | D:4      | Found a staircase to the Ecumenical Temple.
   556 | D:4      | Noticed a scorpion
   561 | Temple   | Entered the Ecumenical Temple
   713 | Temple   | Became a worshipper of Uskayaw the Reveller
   797 | D:4      | Reached * piety under Uskayaw
   801 | D:4      | Gained mutation: Your natural rate of healing is unusually
                  | fast. [Vine Stalker growth]
   801 | D:4      | Reached XP level 4. HP: 21/24 MP: 3/5
   963 | D:4      | Reached ** piety under Uskayaw
  1395 | D:1      | Noticed a great orb of eyes
  1397 | D:1      | Found a faded altar of an unknown god.
  1400 | D:1      | Noticed a shining eye
  1400 | D:1      | Noticed a golden eye
  1400 | D:1      | Noticed a floating eye
  1497 | D:1      | Reached XP level 5. HP: 28/28 MP: 4/6
  1860 | D:2      | Upgraded the game from 0.28-a0-628-g3c9886e45e to
                  | 0.28-a0-938-gbc3f381ebc
  2092 | D:2      | Engulfed by a cloud of flame

Illustrated notes

Levels and vault maps discovered:
D:1:      eino_arrival_druids_welcome, layout_rooms,
          hellmonk_ecumenical_altar_watching_god
D:2:      layout_rooms, chequers_serial_rivers_micro_d, glass_columns_a,
          lexackson_kobold_supper
D:3:      layout_basic
D:4:      layout_gridville, ashenzari_conservatory_becter,
          minmay_temple_entry_arrows
D:5:      layout_cave_pools, grunt_temple_overflow_open,
          minmay_misc_feat_encased, uniq_duvessa
Temple:   eino_temple_rhombus

Skill      XL: |  1  2  3  4 |
---------------+-------------+-----
Fighting       | 3 |  3.2
Stealth        | 7 |  7.5
Dodging        | 2 |  2.0
Armour         | |  0.7
Unarmed Combat | |  2.6

Action                   |  1- 3 |  4- 6 || total
-------------------------+-------+-------++-------
Melee: Unarmed           |    24 |   102 ||   126
       Bite              |    11 |    28 ||    39
Evoke: Wand              |       |     1 ||     1
  Use: Scroll            |       |     1 ||     1
 Stab: Sleeping          |       |    12 ||    12
Armor: Leather armour    |     2 |     7 ||     9
       Ring mail         |       |    31 ||    31
Dodge: Dodged            |    16 |    58 ||    74

Table legend: (Time is in decaauts)
 A = Elapsed time spent in this place.
 B = Non-inter-level travel time spent in this place.
 C = Inter-level travel time spent in this place.
 D = Time resting spent in this place.
 E = Time spent auto-exploring this place.
 F = Levels seen in this place.
 G = Mean time per level.
                   A        B        C        D        E       F      G
               +--------+--------+--------+--------+--------+-----+--------+
         Total |   2086 |   1966 |    120 |    286 |    996 |   6 |  347.7 |
       Dungeon |   1922 |   1814 |    108 |    286 |    859 |   5 |  384.4 |
        Temple |    163 |    151 |     12 |      0 |    137 |   1 |  163.0 |
               +--------+--------+--------+--------+--------+-----+--------+

Top non-repeatable levels by time:
     D:4: 888 daAuts
     D:1: 530 daAuts
     D:2: 330 daAuts
  Temple: 163 daAuts
     D:3: 122 daAuts
     D:5: 51 daAuts
